 Dungeon Crawl Stone Soup version 0.31-a0-1159-g800acc2fd1 (webtiles) character file.

Game seed: 8413613219869828338

1240 Malachi the Insei (level 8, -6/54 HPs)
             Began as an Octopode Shapeshifter on Dec 8, 2023.
             Was an Initiate of Ashenzari.
             Engulfed by a cloud of steam (10 damage)
             ... on level 6 of the Dungeon.
             The game lasted 00:07:45 (6712 turns).

Malachi the Insei (Octopode Shapeshifter)           Turns: 6712, Time: 00:07:45

Health: -6/54      AC:  1    Str: 13    XL:     8   Next: 49%
Magic:  17/17      EV: 28    Int: 13    God:    Ashenzari [......]
Gold:   287        SH:  0    Dex: 13    Spells: 7/7 levels left

rFire   . .          .
                       - Unarmed
rCold   . . .        (no shield)
rNeg    . . .        (helmet currently unavailable)
rPois   .            i - amulet of the acrobat
rElec   .            e - ring of magical power
rCorr   +            g - ring of resist corrosion
SInv    .            o - ring of wizardry
Will    .....        (no ring)
Stlth   ++           (no ring)
HPRegen 0.29/turn    (no ring)
MPRegen 0.15/turn    (no ring)
                     (no ring)

%: acrobat, wizardry (x1)
@: beast-form, acrobatic
A: beast (slay +3), almost no armour, amphibious, 8 rings, camouflage 1,
gelatinous body 1, (nimble swimmer 1), tentacles
a: Begin Untransformation, Renounce Religion


You were on level 6 of the Dungeon.
You worshipped Ashenzari.
Ashenzari was noncommittal.
You were a hulking beast.
You visited 2 branches of the dungeon, and saw 7 of its levels.

You collected 287 gold pieces.

Inventory:

Hand Weapons
 r - a +2 short sword of holy wrath
Missiles
 n - 4 javelins (quivered)
Jewellery
 e - a ring of magical power (left tentacle)
 g - a ring of resist corrosion (right tentacle)
 i - an amulet of the acrobat (around mantle)
 o - a ring of wizardry (on tentacle)
 p - a +4 ring of protection
Talismans
 b - a beast talisman
 c - a flux talisman
Wands
 l - a wand of paralysis (9)
 m - a wand of digging (2)
 q - a wand of flame (8)
Scrolls
 f - a scroll of noise
 h - a scroll of identify
 j - a scroll of poison
 k - 2 scrolls of teleportation
 s - a scroll of fear
Potions
 a - 2 potions of magic {unknown}
 d - 2 potions of brilliance
 u - 3 potions of curing


   Skills:
 + Level 4.5 Fighting
 - Level 2.0 Dodging
 + Level 6.9 Unarmed Combat
 + Level 6.4 Shapeshifting


You had 7 spell levels left.
You didn't know any spells.
Your spell library contained the following spells:

 Spells                   Type           Power      Damage    Failure   Level
 Lesser Beckoning         Tloc           0%         N/A       19%         2
 Gell's Gravitas          Tloc           0%         N/A       34%         3
 Hailstorm                Conj/Ice       0%         3d5       34%         3
 Teleport Other           Tloc           0%         N/A       34%         3
 Summon Ice Beast         Ice/Summ       0%         N/A       73%         4
 Vhi's Electric Charge    Tloc/Air       0%         N/A       73%         4
 Arcjolt                  Conj/Air       0%         1d10      96%         5
 Simulacrum               Ice/Necr       0%         N/A       100%        6
 Maxwell's Capacitive Co  Air            0%         ∞         100%        8


Dungeon Overview and Level Annotations

Branches:
Dungeon (6/15)             Temple (1/1) D:5

Altars:
Ashenzari
Cheibriados
Elyvilon
Gozag
Kikubaaqudgha
Makhleb
Nemelex Xobeh
Okawaru
Qazlal
Ru
Trog
Uskayaw
Vehumet
Wu Jian
Xom
Yredelemnul
Zin
The Shining One

Shops:
D:6 *


Innate Abilities, Weirdness & Mutations

You are a hulking beast.
Your limbs bulge with bestial killing power. (Slay +3)
You cannot wear most types of armour.
You are amphibious.
You can wear up to eight rings at the same time.
Your skin changes colour to match your surroundings (Stealth+).
Your rubbery body absorbs attacks. (AC +1, EV +1)
((You are camouflaged when in or above water. (Stealth+)))
You have tentacles for arms and can constrict up to eight enemies at once.


Message History

A steam dragon is nearby!
A steam dragon is nearby!
The steam dragon breathes steam at you. The ball of steam misses you.
You hear a shout! x3
An orc comes into view. It is wielding a +0 whip.
Found a stone staircase leading up.
The orc shouts!
Found a scroll of teleportation.
You barely miss the steam dragon.
You tentacle-slap the steam dragon, but do no damage.
You closely miss the steam dragon. You squeeze the steam dragon.
The steam dragon is moderately wounded.
The steam dragon bites you. The steam dragon completely misses you.
You tentacle-slap the steam dragon. Your squeeze misses the steam dragon.
The steam dragon is moderately wounded.
The steam dragon bites you. The steam dragon closely misses you.
You tentacle-slap the steam dragon but do no damage.
The steam dragon is moderately wounded.
You are engulfed in a cloud of scalding steam.
The steam dragon closely misses you. The steam dragon claws you.
You barely miss the steam dragon.
The steam dragon is moderately wounded.
The steam dragon barely misses you. x2
You tentacle-slap the steam dragon. You squeeze the steam dragon.
The steam dragon is heavily wounded.
The steam dragon breathes steam at you. The ball of steam hits you!!
* * * LOW HITPOINT WARNING * * *
You hear a shout! x2; You hear an angry hiss.
You hear a shout! x2
You bludgeon the steam dragon! You squeeze the steam dragon.
You kill the steam dragon!
The steam dragon scales are intact enough to wear.
You are engulfed in a cloud of scalding steam.
* * * LOW HITPOINT WARNING * * *
The orc is engulfed in a cloud of scalding steam.
The orc dies!
Found a stone staircase leading down.
You are engulfed in a cloud of scalding steam.
You die...

........##....
>.................##....
?..................##....
...................##....
.......................#.
..............(....######
...................# #
...................## #
......§§h...........##
.....§§§§§§§§........##
......)§§§.........#..#
....??.§...........##.##
...................##..#
<..................###.#
...................# #.#
...................# #.#
...................# #.##


There were no monsters in sight!

Vanquished Creatures
  Sigmund (D:3)
  A steam dragon (D:6)
  2 ice beasts
  A black bear (D:6)
  An ogre (D:5)
  A centaur (D:5)
  A scorpion (D:6)
  4 hounds
  A gnoll bouda (D:6)
  2 jellies (D:5)
  Jessica (D:2)
  A sleepcap (D:6)
  An iguana (D:5)
  4 gnolls (D:6)
  3 adders (D:4)
  A shadow imp (D:6)
  A worm (D:2)
  4 dart slugs
  5 orcs (D:5)
  5 bats
  5 endoplasms
  3 giant cockroaches
  7 goblins
  13 hobgoblins
  6 jackals
  4 quokkas
  6 ball pythons
  A frilled lizard (D:1)
  7 kobolds
  3 rats (D:1)
96 creatures vanquished.

Vanquished Creatures (others)
  An orc (D:6)
1 creature vanquished.

Grand Total: 97 creatures vanquished

Notes
Turn   | Place    | Note
-------+----------+-------------------------------------------
     0 | D:1      | Malachi the Octopode Shapeshifter began the quest for the
                  | Orb.
     0 | D:1      | Reached XP level 1. HP: 13/13 MP: 1/1
   309 | D:1      | Reached XP level 2. HP: 18/18 MP: 2/2
   561 | D:1      | Found a faded altar of an unknown god.
   618 | D:1      | Reached XP level 3. HP: 23/23 MP: 3/3
  1276 | D:2      | Noticed Jessica
  1284 | D:2      | Killed Jessica
  1285 | D:2      | Reached XP level 4. HP: 24/28 MP: 4/4
  2542 | D:3      | Noticed Sigmund
  2556 | D:3      | Killed Sigmund
  2557 | D:3      | Reached skill level 5 in Unarmed Combat
  2557 | D:3      | Reached XP level 5. HP: 20/33 MP: 5/5
  2557 | D:3      | Reached XP level 6. HP: 23/38 MP: 6/6
  2743 | D:3      | Found a broken altar of Ashenzari.
  3191 | D:4      | Reached skill level 5 in Shapeshifting
  3590 | D:4      | You fall into a shaft and drop 2 floors!
  3603 | D:6      | Noticed an ice beast
  3834 | D:6      | Reached XP level 7. HP: 33/45 MP: 7/7
  4006 | D:5      | Entered Level 5 of the Dungeon
  5297 | D:5      | Found a staircase to the Ecumenical Temple.
  5327 | D:5      | Reached XP level 8. HP: 53/53 MP: 8/8
  5672 | Temple   | Entered the Ecumenical Temple
  5748 | D:3      | Became a worshipper of Ashenzari the Shackled
  5881 | D:6      | Found Halebbea's Fire Supplies.
  6712 | D:6      | Engulfed by a cloud of steam

Illustrated notes

Levels and vault maps discovered:
D:1:      dpeg_arrival_signposts, layout_basic, basic_ecumenical_altar
D:2:      layout_basic, uniq_jessica
D:3:      layout_loops_corners, mainiacjoe_overflow_cross_hatched,
          grunt_decor_junction, uniq_sigmund
D:4:      layout_loops_corners
D:5:      layout_gridville, minmay_temple_entry_junction,
          chequers_serial_rivers_micro_e
D:6:      layout_basic, lemuel_coloured_pillars_altar, nicolae_shop_fire_sale
          [nicolae_sub_dead_trees], nicolae_twisty_statue_hallways
Temple:   nicolae_temple_bog_church

Skill      XL: |  1  2  3  4  5  6  7  8 |
---------------+-------------------------+-----
Unarmed Combat | 4 5 6 |  6.9
Shapeshifting  | 4 5 6 |  6.4
Fighting       | 2 3 4 |  4.5
Dodging        | |  2.0

Action                     |  1- 3 |  4- 6 |  7- 9 || total
---------------------------+-------+-------+-------++-------
  Melee: Unarmed           |    42 |    72 |    76 ||   190
         Constrict         |    12 |    22 |    16 ||    50
         Tentacles         |    10 |    17 |    17 ||    44
         Punch             |     2 |     3 |     7 ||    12
         Short sword       |       |    10 |       ||    10
  Evoke: Wand              |       |     2 |     4 ||     6
    Use: Potion            |       |     3 |       ||     3
         Scroll            |       |       |     9 ||     9
   Stab: Sleeping          |     3 |     6 |     9 ||    18
         Paralysed         |       |     9 |     8 ||    17
         Distracted        |       |     1 |       ||     1
 Armour: Skin              |    11 |    51 |    30 ||    92
  Dodge: Dodged            |    24 |    51 |    42 ||   117

Table legend: (Time is in decaauts)
 A = Elapsed time spent in this place.
 B = Non-inter-level travel time spent in this place.
 C = Inter-level travel time spent in this place.
 D = Time resting spent in this place.
 E = Time spent auto-exploring this place.
 F = Levels seen in this place.
 G = Mean time per level.
                   A        B        C        D        E       F      G
               +--------+--------+--------+--------+--------+-----+--------+
         Total |   6693 |   6274 |    419 |   1983 |   3477 |   7 |  956.1 |
       Dungeon |   6691 |   6274 |    417 |   1983 |   3477 |   6 | 1115.2 |
        Temple |      1 |      0 |      1 |      0 |      0 |   1 |    1.0 |
               +--------+--------+--------+--------+--------+-----+--------+

Top non-repeatable levels by time:
     D:4: 1550 daAuts
     D:6: 1253 daAuts
     D:1: 1181 daAuts
     D:3: 1088 daAuts
     D:2: 858 daAuts
     D:5: 759 daAuts
  Temple: 1 daAuts
